 Dungeon Crawl Stone Soup version 0.27.1-33-g824d729ab1 (webtiles) character file.

Game seed: 12109015369527851624

30 SensoryNuts the Slasher (level 3, 0/31 HPs)
             Began as a Draconian Monk on Dec 6, 2021.
             Slain by a hobgoblin (2 damage)
             ... led by Robin
             ... on level 1 of the Dungeon.
             The game lasted 00:01:18 (1195 turns).

SensoryNuts the Slasher (Draconian Monk)            Turns: 1195, Time: 00:01:19

Health: 0/31       AC:  5    Str: 14    XL:     3   Next: 3%
Magic:  3/3        EV: 13    Int: 10    God:
Gold:   9          SH:  0    Dex: 13    Spells: 2/2 levels left

rFire    . . .     SeeInvis .   a - +0 falchion
rCold    . . .     Faith    .   (no shield)
rNeg     . . .     Spirit   .   (armour unavailable)
rPois    .         Reflect  .   (helmet restricted)
rElec    .         Harm     .   (no cloak)
rCorr    .         Rampage  .   (no gloves)
Will     .....                  (no boots)
Stlth    ++........             (no amulet)
HPRegen  0.10/turn              (no ring)
MPRegen  0.08/turn              (no ring)

@: no status effects
A: AC +5, unfitting armour, cold-blooded
a: no special abilities


You were on level 1 of the Dungeon.
You visited 1 branch of the dungeon, and saw 2 of its levels.

You collected 9 gold pieces.

Inventory:

Hand Weapons
 a - a +0 falchion (weapon)
Jewellery
 c - a ring of wizardry
 d - a ring of fire
Scrolls
 b - a scroll of teleportation {unknown}


   Skills:
 + Level 3.5 Fighting
 + Level 3.6 Long Blades
 + Level 3.1 Dodging
 + Level 1.9 Stealth


You had 2 spell levels left.
You didn't know any spells.
Your spell library was empty.

Dungeon Overview and Level Annotations

Branches:
Dungeon (2/15)

Altars:

Annotations:
D:2 Robin


Innate Abilities, Weirdness & Mutations

Your plain brown scales are hard. (AC +5)
You cannot fit into any form of body armour.
You are cold-blooded and may be slowed by cold attacks.


Message History

You barely miss the hobgoblin. The hobgoblin hits you.
The goblin closely misses you.
You riposte.
You barely miss the goblin.
The goblin is moderately wounded.
A goblin comes into view. It is wielding a +0 club.
The goblin hits you but does no damage. The worm bites you but does no damage.
You closely miss the hobgoblin. The hobgoblin closely misses you.
The goblin closely misses you. x2
You barely miss the worm. You tail-slap the worm.
The worm is lightly wounded.
The hobgoblin closely misses you. The goblin misses you.
The goblin hits you but does no damage. The worm closely misses you.
You hit the worm. You tail-slap the worm.
The worm is heavily wounded.
The hobgoblin hits you but does no damage.
The goblin hits you with a +0 club. The goblin hits you but does no damage.
The worm bites you. The hobgoblin hits you. The goblin closely misses you.
You riposte.
You barely miss the goblin.
The goblin is moderately wounded.
The goblin hits you with a +0 dagger. The hobgoblin hits you.
The goblin misses you.
You climb upwards.
There is a stone staircase leading down, spattered with blood here.
Unknown command.
You hit the worm.
The worm is heavily wounded.
The goblin hits you with a +0 dagger. The worm bites you!
* * * LOW HITPOINT WARNING * * *
The hobgoblin closely misses you.
You riposte.
You hit the hobgoblin.
Your tail-slap misses the hobgoblin.
The hobgoblin is moderately wounded.
The goblin hits you but does no damage. x2
Okay, then.
You aren't carrying any potions.
You aren't carrying any potions.
Unknown command.
You aren't carrying any potions.
You hit the worm.
The worm is severely wounded.
The worm bites you but does no damage. The hobgoblin hits you.
You die...

#.##########.# #.####
#.#..........# #######....#
#.#.########.# #.......####
#.#.# #.#######.#####.# #.#.#
#.............#.# #.#.#
##########.##.#.# #.#.#
##.##...##.##
##.#.#############...#####)).##
...............w@g.#.......#..#
...............gg#...#####...##
##.#.............##.## ##.##
##.#############.##.# #.#
.....# #.##.# #.# .#.#.# #.##.#
#.# ...#.# ######.##.## ##.##
..##.######......#...#####...##
..##....#≈♣♣♣P♣#...#.......#..#


You could see a worm, a hobgoblin and 2 goblins.

Vanquished Creatures
  2 dart slugs (D:1)
  A ball python (D:1)
  3 endoplasms (D:1)
  A giant cockroach (D:1)
  4 goblins (D:1)
  5 hobgoblins (D:1)
  A bat (D:1)
  3 kobolds (D:1)
  2 rats (D:1)
22 creatures vanquished.

Vanquished Creatures (others)
  2 plants (D:1)
2 creatures vanquished.

Grand Total: 24 creatures vanquished

Notes
Turn   | Place    | Note
-------+----------+-------------------------------------------
     0 | D:1      | SensoryNuts the Draconian Monk began the quest for the Orb.
     0 | D:1      | Reached XP level 1. HP: 19/19 MP: 1/1
   215 | D:1      | Reached XP level 2. HP: 23/26 MP: 2/2
  1173 | D:2      | Identified the +2 helmet of Fisufo {Dex+4}
  1173 | D:2      | Noticed Robin
  1178 | D:1      | Reached XP level 3. HP: 26/31 MP: 3/3
  1195 | D:1      | Slain by a hobgoblin

Illustrated notes

Levels and vault maps discovered:
D:1:      beargit_arrival_greenhouse, layout_basic, minmay_misc_feat_tower,
          serial_bayou_ford_a
D:2:      layout_basic, uniq_robin, uniq_jessica, uniq_crazy_yiuf_cottage

Skill      XL: |  1  2 |
---------------+-------+-----
Dodging        | 3 |  3.1
Fighting       | |  3.5
Long Blades    | |  3.6
Stealth        | |  1.9

Action                   || total
-------------------------++-------
Melee: Falchion          ||    71
       Tailslap          ||    13
 Stab: Sleeping          ||     1
Armor: Skin              ||    30
Dodge: Dodged            ||    67
       Rpst.: Falchion   ||    26
